 Dungeon Crawl Stone Soup version 0.31-a0-231-g51bb95cda3 (webtiles) character file.

Game seed: 2265648030493781855

72 qw the Shooter (level 4, -10/26 HPs)
             Began as a Gargoyle Hexslinger on July 6, 2023.
             Killed by divine providence
             ... invoked by an orc priest
              (12 damage)
             ... on level 3 of the Dungeon.
             The game lasted 00:00:37 (1683 turns).

qw the Shooter (Gargoyle Hexslinger)                Turns: 1683, Time: 00:00:38

Health: -10/26     AC:  9    Str: 11    XL:     4   Next: 25%
Magic:  5/5        EV: 10    Int: 14    God:
Gold:   97         SH:  0    Dex: 14    Spells: 4/5 levels left

rFire   . . .        Y - +1 sling
rCold   . . .        (no shield)
rNeg    + . .        d - +0 ring mail
rPois   inf          b - +0 helmet
rElec   +            (no cloak)
rCorr   .            (no gloves)
SInv    .            (no boots)
Will    .....        (no amulet)
Stlth   +            (no ring)
HPRegen 0.24/turn    (no ring)
MPRegen 0.09/turn

%: no passive effects
@: no status effects
A: sickness immunity, AC +3, negative energy resistance 1, electricity
resistance, torment resistance 1, petrification resistance
a: no special abilities


You were on level 3 of the Dungeon.
You visited 1 branch of the dungeon, and saw 3 of its levels.

You collected 97 gold pieces.


Innate Abilities, Weirdness & Mutations

You are immune to sickness and miasma.
Your stone body is resilient. (AC +3)
You are immune to poison.
You resist negative energy. (rN+)
You are resistant to electric shocks. (rElec)
You are resistant to unholy torment.
You are immune to petrification.


   Skills:
 - Level 2.0 Fighting
 - Level 4.0 Ranged Weapons
 + Level 0.6 Armour
 - Level 1.5 Dodging
 - Level 1.0 Spellcasting
 - Level 2.6 Hexes


You had 4 spell levels left.
You knew the following spells:

 Your Spells              Type           Power      Damage    Failure   Level
a - Slow                  Hex            32%        N/A       22%         1

Your spell library contained the following spells:

 Spells                   Type           Power      Damage    Failure   Level
 Inner Flame              Hex/Fire       4%         N/A       73%         3
 Portal Projectile        Hex/Tloc       8%         N/A       73%         3
 Cause Fear               Hex            4%         N/A       91%         4

Inventory:

Hand Weapons
 Y - a +1 sling (weapon)
Armour
 b - a +0 helmet (worn)
 d - a +0 ring mail (worn)
Scrolls
 c - a scroll of vulnerability {unknown}
 e - a scroll of identify
Potions
 a - a potion of resistance

Dungeon Overview and Level Annotations

Branches:
Dungeon (3/15)

Altars:
The Shining One

Shops:
D:2 (


Message History

Pain shoots through your body!
You shoot a sling bullet.
The sling bullet hits the orc priest but does no damage.
The orc priest is lightly wounded.
The orc priest hits you with a +0 club.
You shoot a sling bullet.
The sling bullet hits the orc priest but does no damage.
The orc priest is lightly wounded.
The orc priest hits you but does no damage.
The orc priest looks encouraged for a moment.
You shoot a sling bullet.
The sling bullet hits the orc priest but does no damage.
The orc priest is lightly wounded.
The orc priest hits you with a +0 club.
You shoot a sling bullet.
The sling bullet completely misses the orc priest.
The sling bullet closely misses the orc.
The orc priest invokes the aid of Beogh against you.
Beogh smites you!
Ouch! That really hurt!
You shoot a sling bullet.
The sling bullet hits the orc priest but does no damage.
The orc priest is lightly wounded.
The orc priest invokes the aid of Beogh against you.
Pain shoots through your body!
You shoot a sling bullet.
The sling bullet hits the orc priest but does no damage.
The orc priest is lightly wounded.
The orc priest closely misses you. x2
You shoot a sling bullet.
The sling bullet hits the orc priest but does no damage.
The orc priest is lightly wounded.
The orc priest hits you but does no damage.
You shoot a sling bullet.
The sling bullet hits the orc priest but does no damage.
The orc priest is lightly wounded.
The orc priest barely misses you.
The orc priest invokes the aid of Beogh against you.
Beogh smites you!
You die...

###.#####
#.# #.#
#.# #.#
#.# #.#
#.# #@#
#o#
#oo..o..o
##.......
.......
#..~...
......
.##### ..


You could see an orc priest and 2 orcs.

Vanquished Creatures
  3 adders (D:2)
  3 dart slugs (D:1)
  2 orcs (D:3)
  7 endoplasms
  A giant cockroach (D:2)
  A hobgoblin (D:1)
  4 kobolds (D:1)
  A quokka (D:2)
  4 ball pythons (D:1)
  A bat (D:1)
  3 frilled lizards
  3 goblins (D:1)
  3 rats
36 creatures vanquished.

Notes
Turn   | Place    | Note
-------+----------+-------------------------------------------
     0 | D:1      | qw the Gargoyle Hexslinger began the quest for the Orb.
     0 | D:1      | Reached XP level 1. HP: 12/12 MP: 2/2
     0 | D:1      | 0 ||| qw: Version: 0.3-a-46-gb1f654a
     0 | D:1      | 0 ||| qw: Game counter: 1924
     0 | D:1      | 0 ||| qw: Melee chars always use a shield: true
     0 | D:1      | 0 ||| qw: God list: Okawaru
     0 | D:1      | 0 ||| qw: Allow faded altars: false
     0 | D:1      | 0 ||| qw: Do Orc after clearing Dungeon:15 true
     0 | D:1      | 0 ||| qw: Do second Lair branch before Depths: true
     0 | D:1      | 0 ||| qw: Lair rune preference: random
     0 | D:1      | 0 ||| qw: Goals: Normal
     0 | D:1      | 0 ||| PLANNING D:1-11
    15 | D:1      | Found a faded altar of an unknown god.
    60 | D:1      | Reached XP level 2. HP: 16/16 MP: 3/3
   175 | D:1      | Reached skill level 3 in Ranged Weapons
   338 | D:1      | Reached XP level 3. HP: 21/21 MP: 4/4
   636 | D:1      | 636 ||| UPGRADING to +0 ring mail.
   646 | D:1      | 646 ||| DROPPING +0 robe.
   647 | D:1      | 647 ||| READING scroll labelled ASIAGOMOAF.
   648 | D:1      | 648 ||| READING scroll labelled ESOBRU DEAXT.
   649 | D:1      | 649 ||| READING scroll labelled CIFFASIGGU.
   650 | D:1      | 650 ||| READING scroll labelled HATHRO URHO.
   651 | D:1      | 651 ||| DROPPING scroll of poison.
   695 | D:2      | Found a glowing golden altar of the Shining One.
   951 | D:2      | Found Hurav's Weapon Boutique.
  1205 | D:2      | Reached skill level 4 in Ranged Weapons
  1205 | D:2      | Reached XP level 4. HP: 26/26 MP: 5/5
  1536 | D:2      | 1536 ||| UPGRADING to +0 helmet.
  1541 | D:2      | 1541 ||| READING scroll labelled CAANEB ZOPROPT.
  1544 | D:2      | 1544 ||| DRINKING 2 bubbling silvery potions.
  1662 | D:3      | 1662 ||| Stepping ~*~*~tactically~*~*~ (outnumbered).
  1664 | D:3      | 1664 ||| Stepping ~*~*~tactically~*~*~ (outnumbered).
  1679 | D:3      | HP: 4/26 [orc priest/divine providence (13)]
  1680 | D:3      | HP: 1/26 [orc priest/nerve-wracking pain (3)]
  1683 | D:3      | Killed from afar by an orc priest

Levels and vault maps discovered:
D:1:      reono_arrival_mine, layout_basic, basic_ecumenical_altar,
          serial_park_tiny_pond, corexii_leaking_fountain, minivault_26,
          serial_bayou_lagoon_a
D:2:      layout_basic, serial_shops, nicolae_shop_tiny_waterfront, basic_altar,
          minmay_misc_feat_plants
D:3:      cheibrodos_pilgrimage, layout_basic, serial_corexii_hall,
          corexii_hall_statues_deadend, corexii_hall_statues_deadend,
          kennysheep_path_1, serial_bayou_pond_a

Skill      XL: |  1  2  3 |
---------------+----------+-----
Ranged Weapons | 3 4 |  4.0
Fighting       | 2 |  2.0
Armour         | |  0.6
Dodging        | |  1.5
Spellcasting   | |  1.0
Hexes          | |  2.6

Action                     |  1- 3 |  4- 6 || total
---------------------------+-------+-------++-------
   Fire: Sling             |   113 |    33 ||   146
    Use: Scroll            |     4 |     1 ||     5
         Potion            |       |     1 ||     1
 Armour: Robe              |     9 |       ||     9
         Ring mail         |    24 |     5 ||    29
  Dodge: Dodged            |    35 |    14 ||    49

Table legend:
 A = Non-vault XP
 B = Vault XP
 C = Vault XP percentage of total XP
 D = Non-vault monster count
 E = Vault monster count
 F = Vault count percentage of total count
                 A         B        C        D         E       F
            +---------+---------+-------+---------+---------+-------
      Total |      97 |       6 |   5.8 |      34 |       2 |   5.6
            +---------+---------+-------+---------+---------+-------
        D:1 |      46 |       0 |   0.0 |      24 |       0 |   0.0
        D:2 |      49 |       0 |   0.0 |       8 |       0 |   0.0
        D:3 |       2 |       6 |  75.0 |       2 |       2 |  50.0
            +---------+---------+-------+---------+---------+-------
